 Dungeon Crawl Stone Soup version 0.31-a0-1074-g0b22e4e0f1 (webtiles) character file.

Game seed: 1931164187796801831

544 graki42 the Conjurer (level 7, -3/36 HPs)
             Began as a Deep Elf Conjurer on Nov 26, 2023.
             Slain by a scorpion (5 damage)
             ... on level 5 of the Dungeon.
             The game lasted 00:11:17 (3408 turns).

graki42 the Conjurer (Deep Elf Conjurer)            Turns: 3408, Time: 00:11:18

Health: -3/36      AC:  2    Str:  6    XL:     7   Next: 6%
Magic:  0/18       EV: 12    Int: 23    God:
Gold:   158        SH:  0    Dex: 13    Spells: 7/18 levels left

rFire   . . .        q - +0 dagger (speed)
rCold   . . .        (no shield)
rNeg    + . .        a - +0 robe
rPois   .            (no helmet)
rElec   .            (no cloak)
rCorr   .            (no gloves)
SInv    .            (no boots)
Will    .....        (no amulet)
Stlth   ++           c - ring of positive energy
HPRegen 0.26/turn    (no ring)
MPRegen 0.16/turn

%: no passive effects
@: no status effects
A: no striking features
a: no special abilities


You were on level 5 of the Dungeon.
You visited 1 branch of the dungeon, and saw 5 of its levels.
You also visited: Sewer.

You collected 158 gold pieces.

Inventory:

Hand Weapons
 q - a +0 dagger of speed (weapon)
Armour
 a - a +0 robe (worn)
Jewellery
 c - a ring of positive energy (left hand)
 h - an amulet of guardian spirit
 n - a +5 ring of evasion
Wands
 l - a wand of polymorph (6)
Scrolls
 d - a scroll of vulnerability
 f - a scroll of teleportation
 k - 2 scrolls of enchant weapon {unknown}
 o - a scroll of fear
 p - a scroll of revelation {unknown}
Potions
 b - a potion of magic
 e - 2 potions of cancellation {unknown}
 g - a potion of curing {unknown}
 i - 2 potions of mutation {unknown}
 j - 2 potions of heal wounds {unknown}
 m - 2 potions of haste {unknown}
 r - a potion of degeneration {unknown}


   Skills:
 - Level 3.0 Dodging
 - Level 3.0 Stealth
 + Level 6.0 Spellcasting
 * Level 7.6 Conjurations
 + Level 1.3 Hexes
 + Level 1.0 Translocations


You had 7 spell levels left.
You knew the following spells:

 Your Spells              Type           Power      Damage    Failure   Level
a - Magic Dart            Conj           100%       1d8       1%          1
b - Searing Ray           Conj           84%        2d7       1%          2
c - Fulminant Prism       Conj/Hex       13%        3d8       13%         4
d - Iskenderun's Mystic   Conj/Tloc      27%        2d7       14%         4

Your spell library contained the following spells:

 Spells                   Type           Power      Damage    Failure   Level
 Kiss of Death            Conj/Necr      96%        2d12      1%          1
 Dazzling Flash           Conj/Hex       54%        N/A       4%          3
 Cigotuvi's Dreadful Rot  Necr/Pois/Air  12%        N/A       13%         2
 Confusing Touch          Hex            13%        N/A       14%         3
 Ignite Poison            Fire/Tmut/Pois 6%         N/A       26%         3
 Dispel Undead            Necr           6%         3d8       63%         4
 Freezing Cloud           Conj/Ice/Air   9%         6-21      63%         5


Dungeon Overview and Level Annotations

Branches:
Dungeon (6/15)              Sewer (visited)
 Temple: D:4-7

Altars:
Nemelex Xobeh

Shops:
D:1 ((!(?


Message History

Press: ? - help, Shift-Dir - straight line, f - scorpion
Aim: a scorpion (moderately wounded, 82% to hit)
The searing ray hits the scorpion.
The scorpion is heavily wounded. (Press . to maintain the ray.)
The scorpion closely misses you. The scorpion barely misses you.
The searing ray hits the scorpion.
The scorpion is heavily wounded.
The scorpion misses you.
The searing ray hits the scorpion.
The scorpion is severely wounded.
The scorpion barely misses you.
You hit the scorpion but do no damage.
The scorpion is severely wounded.
The scorpion stings you.
* * * LOW HITPOINT WARNING * * *
Unknown command.
Casting: Searing Ray (safe; 1% risk of failure)
Confirm with . or Enter, or press ? or * to list all spells.
Aiming: Magic Dart (safe; 1% risk of failure)
Press: ? - help, Shift-Dir - straight line, f/p - scorpion
Aim: a scorpion (severely wounded, 100% to hit)
The magic dart hits the scorpion.
The scorpion is severely wounded.
The scorpion closely misses you.
Unknown command.
You hit the scorpion.
The scorpion is severely wounded.
The scorpion misses you.
You closely miss the scorpion.
The scorpion is severely wounded.
The scorpion stings you.
* * * LOW HITPOINT WARNING * * *
You hit the scorpion but do no damage.
The scorpion is severely wounded.
Unknown command.
You hit the scorpion but do no damage.
The scorpion is severely wounded.
The scorpion stings you.
You die...

.. #.... ..
##.#.######
..
#.........#
..
#.#?......#
..
#.#.......#
..
#.........#
..
#.......#
..
#.......#
..
#.@.....#
..
#s......#
..
#########
.. . . . .


You could see a scorpion.

Vanquished Creatures
  Pargi (Sewer)
  An ogre (D:5)
  2 kobold brigands (D:3)
  A howler monkey (D:3)
  An iguana (D:5)
  7 adders
  A worm (D:3)
  3 dart slugs
  3 orcs (D:2)
  6 bats
  6 endoplasms
  5 giant cockroaches
  3 goblins
  7 hobgoblins
  5 jackals (D:1)
  10 kobolds
  8 quokkas
  6 ball pythons
  5 frilled lizards (Sewer)
  7 rats
88 creatures vanquished.

Notes
Turn   | Place    | Note
-------+----------+-------------------------------------------
     0 | D:1      | graki42 the Deep Elf Conjurer began the quest for the Orb.
     0 | D:1      | Reached XP level 1. HP: 10/10 MP: 6/6
    72 | D:1      | Found Wuisiry's Distillery.
    96 | D:1      | Found Ziphu's Weapon Shoppe.
   181 | D:1      | Reached XP level 2. HP: 15/15 MP: 4/8
   191 | D:1      | Learned a level 2 spell: Searing Ray
   411 | D:1      | Found Xube's Antique Weapon Emporium.
   484 | D:1      | Found Aricetze's Weapon Emporium.
   648 | D:1      | Found Geig's Magic Scroll Emporium.
   877 | D:2      | Reached XP level 3. HP: 19/19 MP: 6/9
  1121 | D:2      | Reached skill level 5 in Conjurations
  1338 | D:2      | Found a sparkling altar of Nemelex Xobeh.
  1946 | D:3      | Reached XP level 4. HP: 24/24 MP: 3/12
  2221 | D:3      | Found a glowing drain.
  2300 | Sewer    | Entered a sewer
  2442 | Sewer    | Noticed Pargi
  2449 | Sewer    | Killed Pargi
  2450 | Sewer    | Reached skill level 6 in Conjurations
  2450 | Sewer    | Reached XP level 5. HP: 13/28 MP: 3/14
  2537 | Sewer    | Reached skill level 5 in Spellcasting
  2976 | D:3      | Reached XP level 6. HP: 32/32 MP: 9/15
  3166 | D:3      | Reached skill level 7 in Conjurations
  3269 | D:3      | Learned a level 4 spell: Fulminant Prism
  3274 | D:3      | Learned a level 4 spell: Iskenderun's Mystic Blast
  3346 | D:3      | You fall into a shaft and drop 3 floors!
  3350 | D:5      | Entered Level 5 of the Dungeon
  3358 | D:5      | Reached skill level 1 in Hexes
  3358 | D:5      | Reached XP level 7. HP: 36/36 MP: 8/18
  3363 | D:5      | Reached skill level 1 in Translocations
  3366 | D:5      | a black bear changed into a human
  3366 | D:5      | Noticed a human
  3372 | D:5      | HP: 1/36 [human (4)]
  3408 | D:5      | Slain by a scorpion

Illustrated notes

Levels and vault maps discovered:
D:1:      roderic_crossed_star, layout_rooms, serial_shops,
          nicolae_shop_hallway_stairs, shop, nicolae_shop_rolled_up, shop,
          nicolae_shop_peninsula
D:2:      minmay_evil_eye, layout_loops_ring, basic_altar,
          minmay_misc_feat_hallway
D:3:      cheibrodos_thug_alley, layout_basic, gup_sewer_entry_pipe
D:5:      layout_rooms, uniq_sigmund
D:6:      layout_basic, nicolae_elyvilon_peaceful_grove, nicolae_alphabet_shops,
          minmay_manual_mess, uniq_duvessa, uniq_menkaure, uniq_jeremiah

Skill      XL: |  1  2  3  4  5  6  7 |
---------------+----------------------+-----
Stealth        | 3 |  3.0
Conjurations   | 5 6 7 |  7.6
Dodging        | 3 |  3.0
Spellcasting   | 4 5 6 |  6.0
Hexes          | 1 |  1.3
Translocations | 1 |  1.0

Action                     |  1- 3 |  4- 6 |  7- 9 || total
---------------------------+-------+-------+-------++-------
  Melee: Dagger            |       |       |    10 ||    10
   Cast: Magic Dart        |    55 |    64 |     2 ||   121
         Searing Ray       |     9 |    12 |     3 ||    24
  Evoke: Wand              |       |       |     2 ||     2
    Use: Scroll            |     5 |       |     2 ||     7
 Armour: Robe              |     8 |    13 |    14 ||    35
  Dodge: Dodged            |     5 |    17 |    16 ||    38

Table legend: (Time is in decaauts)
 A = Elapsed time spent in this place.
 B = Non-inter-level travel time spent in this place.
 C = Inter-level travel time spent in this place.
 D = Time resting spent in this place.
 E = Time spent auto-exploring this place.
 F = Levels seen in this place.
 G = Mean time per level.
                   A        B        C        D        E       F      G
               +--------+--------+--------+--------+--------+-----+--------+
         Total |   3454 |   3401 |     53 |    349 |   2548 |   6 |  575.7 |
       Dungeon |   3011 |   2958 |     53 |    199 |   2314 |   5 |  602.2 |
         Sewer |    443 |    443 |      0 |    150 |    234 |   1 |  443.0 |
               +--------+--------+--------+--------+--------+-----+--------+

Top non-repeatable levels by time:
     D:3: 1093 daAuts
     D:2: 995 daAuts
     D:1: 864 daAuts
   Sewer: 443 daAuts
     D:5: 54 daAuts
     D:6: 3 daAuts
